 Dungeon Crawl Stone Soup version 0.28-a0-312-gbced6e68ee (webtiles) character file.

Game seed: 635547984162280555

80397 desmos the Warrior (level 15, -17/149 HPs)
             Began as a Hill Orc Berserker on Aug 28, 2021.
             Was the Champion of Trog.
             Shot with an arrow by Nessos (21 damage)
             ... on level 13 of the Dungeon on Aug 30, 2021.
             The game lasted 04:04:22 (20378 turns).

desmos the Warrior (Hill Orc Berserker)            Turns: 20378, Time: 04:04:23

Health: -17/149    AC: 39    Str: 35    XL:     15   Next: 66%
Magic:  15/15      EV:  9    Int:  5    God:    Trog [******]
Gold:   2817       SH:  0    Dex: 10    Spells: 14/14 levels left

rFire   + + .      SeeInvis +   R - +8 dire flail of Bread {vorpal, rF+ rC- Str+2}
rCold   x . .      Faith    .   (shield currently unavailable)
rNeg    . . .      Spirit   .   N - +10 plate armour of Disappointment {rF+}
rPois   .          Reflect  .   F - +2 helmet {SInv}
rElec   .          Harm     .   (no cloak)
rCorr   .          Rampage  .   V - +0 pair of gloves
Will    +....                   q - +1 pair of boots
Stlth   ..........              s - amulet of regeneration
HPRegen 1.34/turn               t - +6 ring of strength
MPRegen 0.14/turn               K - +4 ring of protection

@: lethally poisoned (-17 -> -49), hasted and slowed, studying Unarmed Combat
A: dopey 1, MP-powered wands
a: Renounce Religion, Berserk, Trog's Hand, Brothers in Arms


You were on level 13 of the Dungeon.
You worshipped Trog.
Trog was exalted by your worship.
You visited 4 branches of the dungeon, and saw 22 of its levels.
You also visited: Bailey.

You collected 2943 gold pieces.
You spent 126 gold pieces at shops.

Inventory:

Hand Weapons
 h - a +1 antimagic dire flail
 B - a +4 flail of draining
 E - a +4 morningstar of protection
 H - a +1 antimagic dire flail
 O - a +1 flail of venom
 R - the +8 dire flail of Bread (weapon) {vorpal, rF+ rC- Str+2}
   (You found it on level 7 of the Dungeon)

   It inflicts extra damage upon your enemies.
   Str:       It affects your strength (+2).
   rF:        It protects you from fire.
   rC:        It makes you vulnerable to cold.
Armour
 c - a +0 chain mail of cold resistance
 q - a +1 pair of boots (worn)
 C - a +3 ring mail of fire resistance
 F - a +2 helmet of see invisible (worn)
 N - the +10 plate armour of Disappointment (worn) {rF+}
   (You found it on level 10 of the Dungeon)

   rF:        It protects you from fire.
 U - a +0 kite shield
 V - a +0 pair of gloves (worn)
Jewellery
 s - an amulet of regeneration (around neck)
 t - a +6 ring of strength (left hand)
 D - a ring of resist corrosion
 K - a +4 ring of protection (right hand)
 L - a ring of protection from fire
 M - a ring of protection from cold
 P - a +4 ring of protection
 Y - a ring of positive energy
Wands
 a - a wand of flame (32)
 d - a wand of mindburst (31)
 f - a wand of charming (8)
 y - a wand of paralysis (28)
Scrolls
 b - 3 scrolls of immolation
 k - a scroll of fog
 o - a scroll of vulnerability
 u - 3 scrolls of teleportation
 v - a scroll of summoning
 w - 8 scrolls of enchant weapon
 x - 2 scrolls of magic mapping
 J - 4 scrolls of identify
 Q - 4 scrolls of noise
 S - 3 scrolls of blinking
 T - 2 scrolls of fear
 W - 3 scrolls of enchant armour
 X - a scroll of acquirement
Potions
 e - 2 potions of ambrosia
 g - 3 potions of flight
 i - a potion of cancellation
 j - 12 potions of curing
 l - 3 potions of magic
 m - 2 potions of might
 n - 3 potions of heal wounds
 p - 3 potions of lignification
 A - 2 potions of attraction
 I - 3 potions of haste
 Z - a potion of resistance
Miscellaneous
 z - a tin of tremorstones (2/2)


   Skills:
 + Level 17.8 Fighting
 + Level 16.6 Maces & Flails
 + Level 16.4 Armour
 - Level 2.0 Dodging
 + Level 4.2 Shields


You had 14 spell levels left.
You didn't know any spells.
Your spell library contained the following spells:

 Spells                   Type           Power      Damage    Failure   Level
 Animate Skeleton         Necr           0%         N/A       91%         1
 Apportation              Tloc           0%         N/A       91%         1
 Corona                   Hex            0%         N/A       91%         1
 Summon Small Mammal      Summ           0%         N/A       91%         1
 Ensorcelled Hibernation  Hex/Ice        0%         N/A       97%         2
 Dazzling Flash           Conj/Hex       0%         N/A       100%        3
 Tukima's Dance           Hex            0%         N/A       100%        3
 Agony                    Necr           0%         N/A       100%        5
 Silence                  Hex/Air        0%         N/A       100%        5


Dungeon Overview and Level Annotations

Branches:
Dungeon (13/15)            Temple (0/1) D:4            Lair (6/6) D:9
 Shoals (0/4) Lair:3       Spider (0/4) Lair:3        Slime (0/5) Lair:6
    Orc (2/2) D:9             Elf (1/3) Orc:2        Bailey (visited)
 Vaults: D:13-14

Altars:
Ashenzari
Cheibriados
Elyvilon
Fedhas
Hepliaklqana
Nemelex Xobeh
Okawaru
Qazlal
Ru
Sif Muna
Vehumet
Wu Jian
Xom
The Shining One
Beogh
Lugonu

Shops:
D:5 ?   D:9 *   D:12 *   Orc:1 **   Orc:2 [(![

Portals:
Abyss: Lair:6

Annotations:
D:3 Grinder
D:4 Natasha
D:13 1 runed translucent door, Nessos; Sonja; Vuxku's ghost, journeyman SpEn


Innate Abilities, Weirdness & Mutations

You are dopey. (Int -2)
You expend magic power (3 MP) to strengthen your wands.


Message History

You are poisoned.
Sonja casts a spell.
Sonja blinks!
Nessos gestures wildly while chanting.
Nessos blinks!
Sonja throws a curare-tipped dart.
The curare-tipped dart barely misses you.
You feel yourself speed up.
You feel sick.
Nessos shoots an arrow.
The arrow barely misses you.
Nessos shoots an arrow.
The arrow hits you! The arrow burns you.
You are more poisoned.
Nessos shoots an arrow.
The arrow hits you but does no damage.
Sonja throws a curare-tipped dart.
The curare-tipped dart closely misses you.
Nessos shoots an arrow.
The arrow hits you!
* * * LOW HITPOINT WARNING * * *
The arrow burns you.
* * * LOW HITPOINT WARNING * * *
You feel much better.
You feel very sick.
Sonja zaps a wand.
The mass of ice explodes!
The iceblast engulfs you but does no damage.
Nessos shoots an arrow.
The arrow hits you.
* * * LOW HITPOINT WARNING * * *
You are more poisoned.
You feel extremely sick.
Nessos shoots an arrow.
The arrow hits you!
* * * LOW HITPOINT WARNING * * *
You are lethally poisoned!
Sonja throws a curare-tipped dart.
The curare-tipped dart completely misses you.
Nessos stands on their hind legs for a moment.
Sonja throws a curare-tipped dart.
The curare-tipped dart hits you.
You are more poisoned.
You have difficulty breathing.
* * * LOW HITPOINT WARNING * * *
You feel as though you will be slow longer.
* * * LOW HITPOINT WARNING * * *
You feel extremely sick.
Nessos shoots an arrow.
The arrow hits you!!
You die...

........#.........#
........'....K....#.
........#...:.....'.
........#.........#.
######.....##c..####'#
....######'##...##...###
....#.......#..........#
....#.......#..........#
....#.......#...@......#
....#.......#.........##
....#.......#.........#
....'.......#...........
....#.......#...........
#.....
....#.##...##.####....##
#..... ..###.##...##♣
♣♣..# #.....
..#....#....♣ ♣.# #....
. #....#....♣ ..♣ #....


You could see Nessos (fast).

Vanquished Creatures
  A minotaur (Lair:2)
  The ghost of Beilucy the Cruncher, a journeyman FoFi of Gozag (Lair:4)
  The ghost of Shayle the Nimble, a journeyman DjWr of Makhleb (Lair:2)
  A catoblepas (Lair:3)
  2 death knights
  3 boulder beetles
  2 hydras
  2 centaur warriors (D:13)
  3 two-headed ogres
  9 death yaks
  3 thrashing horrors (Lair:6)
  Urug (Lair:2)
  A tengu warrior (D:13)
  3 orc high priests
  A fire crab (shapeshifter) (Lair:6)
  5 skeletal warriors
  Pikel (D:7)
  9 orc knights
  2 deep elf pyromancers
  An ugly thing (Lair:6)
  A phantasmal warrior (D:11)
  An orc sorcerer (D:9)
  7 elephants
  4 centaur zombies
  A cyclops (D:11)
  4 black mambas
  A manticore (D:12)
  A smoke demon (Lair:6)
  A gargoyle (D:12)
  9 cane toads
  2 rime drakes (Lair:5)
  16 komodo dragons
  A tengu conjurer (D:13)
  An ancient zyme (Lair:6)
  7 trolls
  2 polar bears
  28 blink frogs
  3 slime creatures (D:8)
  The ghost of willcat the Covert, an amateur KoDe (D:5)
  A redback (Lair:3)
  A spriggan (Lair:6)
  2 wraiths
  7 wyverns
  A spriggan (shapeshifter) (Lair:6)
  A ynoxinul (Lair:6)
  6 basilisks
  2 steam dragons
  49 yaks
  A large abomination (Lair:6)
  3 vampire mosquitoes
  Menkaure (D:5)
  Edmund (D:3)
  14 water moccasins
  9 wargs
  10 small abominations (Lair:6)
  A black bear (D:3)
  54 orc warriors
  A sky beast (D:5)
  A hornet zombie (D:7)
  A necrophage (D:5)
  2 ice beasts (D:6)
  11 wolves
  10 ogres
  7 centaurs
  A lemure (D:7)
  The ghost of rabbitsville the Conjurer, an amateur OpCj (D:4)
  Blork the orc (D:4)
  12 bullfrogs
  A gnoll sergeant (D:11)
  10 scorpions
  A water moccasin skeleton (D:4)
  4 wights (D:10)
  3 killer bees (D:7)
  3 electric eels (D:8)
  A crimson imp (D:7)
  2 hounds (D:5)
  A bullfrog zombie (D:6)
  4 jellies
  A bullfrog skeleton (D:6)
  2 gnoll shamans
  22 orc priests
  2 centaur skeletons
  Jessica (D:3)
  An iguana (D:7)
  16 orc wizards
  A killer bee zombie (D:7)
  A hound skeleton (D:4)
  16 gnolls
  6 adders
  A shadow imp (D:7)
  3 white imps
  3 ufetubi
  2 worms
  103 orcs
  7 ball pythons
  5 bats
  11 endoplasms
  8 giant cockroaches
  11 goblins
  6 hobgoblins
  A jackal (D:5)
  6 quokkas
  3 frilled lizards
  2 goblin skeletons (D:7)
  2 goblin zombies (D:7)
  A hobgoblin zombie (D:7)
  6 kobolds
  2 kobold zombies (D:7)
  An orc skeleton (D:7)
  An orc zombie (D:7)
  7 rats
  A butterfly (D:5)
647 creatures vanquished.

Vanquished Creatures (collateral kills)
  The ghost of Poifiw the Blocker, a journeyman GnFi of Qazlal (Lair:3)
  An oklob plant (Lair:1)
  A rime drake (Lair:3)
  An orc warrior (Orc:2)
  An ogre (Orc:2)
  3 orcs (Orc:2)
8 creatures vanquished.

Vanquished Creatures (others)
  A centaur zombie (D:11)
  A cane toad (Lair:6)
  A dream sheep (shapeshifter) (Lair:6)
  A large abomination (Lair:6)
  A small abomination (Lair:6)
  An orc (D:12)
  21 fungi
  24 plants
51 creatures vanquished.

Grand Total: 706 creatures vanquished

Notes
Turn   | Place    | Note
-------+----------+-------------------------------------------
     0 | D:1      | desmos the Hill Orc Berserker began the quest for the Orb.
     0 | D:1      | Reached XP level 1. HP: 19/19 MP: 1/1
   176 | D:1      | Reached XP level 2. HP: 25/27 MP: 2/2
   392 | D:1      | Reached skill level 4 in Fighting
   522 | D:1      | Reached XP level 3. HP: 33/33 MP: 3/3
   911 | D:1      | Reached ** piety under Trog
   955 | D:1      | Found a faded altar of an unknown god.
  1607 | D:3      | Reached XP level 4. HP: 29/40 MP: 4/4
  1762 | D:3      | Noticed Grinder
  1994 | D:3      | Noticed Jessica
  2007 | D:3      | Killed Jessica
  2655 | D:4      | Noticed Blork the orc
  2738 | D:4      | Noticed a centaur
  2751 | D:4      | Killed a centaur
  2752 | D:4      | Reached skill level 5 in Fighting
  2752 | D:4      | Reached XP level 5. HP: 26/48 MP: 5/5
  2851 | D:4      | Reached skill level 5 in Maces & Flails
  2851 | D:4      | Reached XP level 6. HP: 56/56 MP: 6/6
  2868 | D:4      | Noticed Edmund
  2966 | D:3      | Killed Edmund
  3225 | D:4      | Found a staircase to the Ecumenical Temple.
  3262 | D:4      | Noticed Natasha
  3295 | D:3      | Reached skill level 6 in Fighting
  3295 | D:3      | Reached XP level 7. HP: 63/63 MP: 7/7
  3358 | D:3      | Reached skill level 5 in Armour
  3386 | D:4      | Found a runed translucent gate.
  3387 | D:4      | Found a runed translucent gate.
  3388 | D:4      | Found a runed translucent gate.
  3388 | D:4      | Noticed rabbitsville's ghost (amateur OpCj)
  3459 | D:4      | Killed Blork the orc
  3705 | D:4      | Killed rabbitsville's ghost
  3706 | D:4      | Reached skill level 7 in Fighting
  3706 | D:4      | Reached XP level 8. HP: 66/73 MP: 8/8
  3748 | D:5      | Entered Level 5 of the Dungeon
  3765 | D:5      | Found a white marble altar of Elyvilon.
  3877 | D:5      | Found Suyret's Magic Scroll Emporium.
  3926 | D:5      | Found a radiant altar of Vehumet.
  3942 | D:5      | Found a shimmering blue altar of Sif Muna.
  3983 | D:5      | Reached *** piety under Trog
  4062 | D:5      | Found a runed translucent door.
  4080 | D:5      | Found a runed translucent door.
  4122 | D:5      | Noticed Menkaure
  4143 | D:5      | Found a sacrificial altar of Ru.
  4232 | D:5      | Killed Menkaure
  4305 | D:5      | Reached skill level 8 in Fighting
  4380 | D:5      | Found a shimmering altar of Xom.
  4424 | D:5      | Found a sparkling altar of Nemelex Xobeh.
  4530 | D:5      | Found a transporter.
  4530 | D:5      | Noticed willcat's ghost (amateur KoDe)
  4530 | D:5      | Identified the +2 great mace of the Ten Princes {drain,
                  | rF+}
  4532 | D:5      | Found a transporter.
  4576 | D:5      | Reached XP level 9. HP: 78/82 MP: 9/9
  4727 | D:5      | Reached skill level 9 in Fighting
  4752 | D:5      | Killed willcat's ghost
  4847 | D:6      | Reached **** piety under Trog
  4917 | D:6      | Found an ornate altar of the Wu Jian Council.
  5061 | D:6      | Reached skill level 10 in Fighting
  5061 | D:6      | Reached XP level 10. HP: 93/93 MP: 10/10
  5445 | D:6      | Found a sparkling altar of Nemelex Xobeh.
  5490 | D:7      | Found an iron altar of Okawaru.
  5610 | D:7      | Found a glowing golden altar of the Shining One.
  5709 | D:7      | Identified the +8 dire flail of Bread {vorpal, rF+ rC-
                  | Str+2}
  5756 | D:7      | Noticed Pikel
  5770 | D:7      | Killed Pikel
  5770 | D:7      | Reached ***** piety under Trog
  5771 | D:7      | Reached skill level 10 in Maces & Flails
  5971 | D:7      | Reached skill level 11 in Fighting
  6164 | D:8      | Reached skill level 10 in Armour
  7417 | D:9      | Found a stormy altar of Qazlal.
  7439 | D:9      | Found a staircase to the Orcish Mines.
  7464 | D:9      | Reached XP level 11. HP: 85/103 MP: 11/11
  7465 | D:9      | Received a gift from Trog
  7678 | D:9      | Found a hazy altar of Hepliaklqana.
  7696 | D:9      | Reached skill level 12 in Fighting
  7745 | D:9      | Found a staircase to the Lair.
  7986 | D:9      | Found Pinoc's General Store.
  7995 | D:9      | Bought a +0 kite shield for 63 gold pieces
  7995 | D:9      | Bought a +0 pair of gloves for 63 gold pieces
  8115 | D:9      | Found a snail-covered altar of Cheibriados.
  8315 | D:9      | Upgraded the game from 0.28-a0-268-g3f656e82c2 to
                  | 0.28-a0-305-g9e858e973b
  8330 | Lair:1   | Entered Level 1 of the Lair of Beasts
  8379 | Lair:1   | Noticed an oklob plant
  9452 | Lair:1   | Killed an oklob plant
  9534 | Lair:2   | Found a blossoming altar of Fedhas.
  9689 | Lair:1   | Reached skill level 13 in Fighting
  9726 | Lair:2   | Noticed Urug
  9750 | Lair:2   | Killed Urug
  9751 | Lair:2   | Reached XP level 12. HP: 96/115 MP: 12/12
  9930 | Lair:2   | Noticed a minotaur
  9930 | Lair:2   | Noticed Shayle's ghost (journeyman DjWr)
  9957 | Lair:2   | Found a runed translucent gate.
  9957 | Lair:2   | Found a runed translucent gate.
  9957 | Lair:2   | Found a runed translucent gate.
 10636 | Lair:2   | Killed a minotaur
 10717 | Lair:2   | Killed Shayle's ghost
 10806 | D:9      | Gained mutation: You are dopey. (Int -2) [potion of
                  | mutation]
 10806 | D:9      | Gained mutation: You expend magic power (3 MP) to
                  | strengthen your wands. [potion of mutation]
 10907 | Lair:3   | Noticed a seven-headed hydra
 10975 | Lair:2   | Killed a seven-headed hydra
 11053 | Lair:3   | Reached skill level 14 in Fighting
 11221 | Lair:3   | Received a gift from Trog
 11405 | Lair:3   | Reached XP level 13. HP: 112/125 MP: 13/13
 11556 | Lair:3   | Found a hole to the Spider Nest.
 11704 | Lair:3   | Found a staircase to the Shoals.
 11981 | Lair:4   | Found a runed translucent gate.
 11981 | Lair:4   | Found a runed translucent gate.
 11981 | Lair:4   | Found a runed translucent gate.
 11982 | Lair:4   | Noticed Poifiw's ghost (journeyman GnFi)
 11983 | Lair:4   | Noticed Beilucy's ghost (journeyman FoFi)
 11998 | Lair:4   | Killed Beilucy's ghost
 12021 | Lair:3   | Killed Poifiw's ghost
 12022 | Lair:3   | Reached skill level 15 in Fighting
 13860 | Lair:6   | Entered Level 6 of the Lair of Beasts
 13885 | Lair:5   | Reached XP level 14. HP: 91/136 MP: 14/14
 14020 | Lair:6   | Reached skill level 16 in Fighting
 14074 | Lair:5   | Reached skill level 15 in Maces & Flails
 14219 | Lair:6   | Reached ****** piety under Trog
 14324 | Lair:6   | Found a staircase to the Slime Pits.
 14550 | Lair:6   | Reached skill level 15 in Armour
 14732 | Lair:6   | Found a corrupted altar of Lugonu.
 14732 | Lair:6   | Found a one-way gate to the infinite horrors of the Abyss.
 14806 | Lair:6   | Received a gift from Trog
 14937 | Lair:6   | Found a shimmering blue altar of Sif Muna.
 15514 | Orc:1    | Entered Level 1 of the Orcish Mines
 16080 | Orc:1    | Found Ijuulaeg's Specific Store.
 16081 | Orc:1    | Found Tykhoc's General Store.
 16135 | Orc:2    | Entered Level 2 of the Orcish Mines
 16236 | Orc:2    | Found a staircase to the Elven Halls.
 16877 | Orc:2    | Found Xiaggev's Distillery.
 16896 | Orc:2    | Found Peast's Armour Shop.
 16908 | Orc:2    | Reached skill level 17 in Fighting
 17051 | Orc:2    | Found a roughly hewn altar of Beogh.
 17091 | Orc:2    | Found Efiagog's Antique Weapon Shop.
 17091 | Orc:2    | Found Ikhimum's Antique Armour Emporium.
 17162 | Orc:2    | Received a gift from Trog
 17335 | Orc:2    | Reached XP level 15. HP: 147/147 MP: 15/15
 17424 | Orc:2    | Found a roughly hewn altar of Beogh.
 17528 | Orc:2    | Upgraded the game from 0.28-a0-305-g9e858e973b to
                  | 0.28-a0-312-gbced6e68ee
 17535 | Elf:1    | Entered Level 1 of the Elven Halls
 17614 | D:10     | Entered Level 10 of the Dungeon
 17667 | D:10     | Found a flagged portal.
 17676 | Bailey   | Entered a bailey
 18037 | D:10     | Found a broken altar of Ashenzari.
 18344 | D:10     | Identified the +10 plate armour of Disappointment {rF+}
 18611 | D:11     | Reached skill level 1 in Shields
 19278 | D:11     | Identified a scroll of acquirement
 19874 | D:12     | Found Begouq's General Store.
 20132 | D:13     | Found a runed translucent door.
 20136 | D:13     | Identified the +7 spear of the Undead {vorpal, rElec rF+}
 20261 | D:13     | Received a gift from Trog
 20286 | D:13     | Noticed Vuxku's ghost (journeyman SpEn)
 20362 | D:13     | Noticed Sonja
 20368 | D:13     | Noticed Nessos
 20378 | D:13     | HP: 4/149 [poisoned by Sonja (curare-tipped dart)]
 20378 | D:13     | Shot with an arrow by Nessos

Illustrated notes

Levels and vault maps discovered:
D:1:      psy_arrival_whirlpool, layout_rooms, shapermc_ecumenical_altar_petra,
          chequers_serial_rivers_room_a, minmay_misc_feat_room, minmay_unequal
D:2:      layout_loops_ring
D:3:      layout_basic, uniq_jessica, uniq_grinder
D:4:      layout_cave_pools, minmay_temple_entry_wispy,
          ebering_ghost_rock_garden, uniq_edmund, uniq_natasha,
          uniq_blork_the_orc
D:5:      lemuel_insect_pit, layout_basic, mainiacjoe_overflow_swirl,
          hangedman_ru_absence, lemuel_doored_altar, lemuel_crystal_altar,
          serial_shops, nicolae_diamond_shop, gammafunk_ghost_smash,
          minivault_26, minmay_ruined_shrine, uniq_menkaure
D:6:      layout_loops_ring, nemelex_diamond_rough_becter, lemuel_round_altar
D:7:      layout_rooms, nicolae_tso_besieged_by_evil, kennysheep_mini,
          minmay_puff, uniq_pikel
D:8:      layout_basic, kennysheep_cluttered_room, serial_bayou_lake_a
D:9:      layout_long_grid, grunt_qazlal_sundering, cheibrodos_worm_habitat,
          mainiacjoe_overflow_boulevard, grunt_lair_entry_orc_guard_hut,
          david_orc_2, grunt_decor_mini_mirrors,
          hangedman_decor_clover_reticule, nicolae_stop_n_shop_2
D:10:     layout_basic, nicolae_ashenzari_skybound, enter_bailey_3,
          chequers_serial_rivers_small_b, skrybe_limestone_x
D:11:     layout_basic, lemuel_flamethrower_hall
D:12:     layout_roguey, serial_shops, shop_fountains
D:13:     layout_gridville, ebering_ghost_funeral_grove,
          chequers_serial_rivers_micro_d, uniq_sonja, uniq_nessos
Lair:1:   layout_layer_cave, nicolae_quartered_pool_super,
          minmay_lair_oklob_chamber
Lair:2:   layout_cellular_growth, maelrawn_ghost_gauntlet_escape, basic_altar,
          uniq_urug
Lair:3:   layout_gridlike, elwin_shoals_entry_rooms, spider_nest_entry_rubble
Lair:4:   layout_concentric_octagons, gammafunk_ghost_cemetery
Lair:5:   layout_hall_layers, beast_lair_carwin_7, lemuel_fruit_fields,
          infiniplex_staircase_pool_2
Lair:6:   hellmonk_lair_end_abyssal_woods, layout_small_grid,
          nicolae_slime_entry_slimehenge, basic_altar, minmay_lindwurm_lava,
          grunt_megastairs_1
Orc:1:    layout_diamond_mine, nicolae_specific_store, uniq_jorgrun
Orc:2:    st_orc_town, layout_diamond_mine, david_defended_altar_orc
Elf:1:    eino_elf_arrival_sip, layout_gridlike, minivault_28

Skill      XL: |  1  2  3  4  5  6  7  8  9 10 11 12 13 14 15 |
---------------+----------------------------------------------+-----
Fighting       | 4 5 6 7 8 10 11 13 14 15 17 | 17.8
Maces & Flails | 4 5 6 7 9 10 12 13 14 16 | 16.6
Dodging        | 2 |  2.0
Armour         | 3 4 5 7 8 10 11 13 14 15 16 | 16.4
Shields        | 4 |  4.2

Action                   |  1- 3 |  4- 6 |  7- 9 | 10-12 | 13-15 || total
-------------------------+-------+-------+-------+-------+-------++-------
Melee: Mace              |   106 |       |       |       |       ||   106
       Flail             |    16 |    89 |   215 |       |       ||   320
       Great mace        |       |       |    43 |    64 |       ||   107
       Dire flail        |       |       |       |   407 |  1073 ||  1480
 Fire: Arbalest          |       |       |       |       |    10 ||    10
Throw: Stone             |       |    10 |     2 |       |       ||    12
Invok: Berserk           |       |     3 |     3 |     1 |     1 ||     8
       Brothers in Arms  |       |       |       |     2 |     2 ||     4
  Use: Scroll            |       |    10 |     1 |     3 |    15 ||    29
       Potion            |       |     1 |     1 |     1 |     8 ||    11
Armor: Animal skin       |    12 |       |       |       |       ||    12
       Chain mail        |    30 |    37 |       |       |       ||    67
       Ring mail         |       |    13 |   126 |   181 |   325 ||   645
       Plate armour      |       |       |       |       |   186 ||   186
Dodge: Dodged            |    69 |    48 |   153 |   187 |   377 ||   834

Table legend: (Time is in decaauts)
 A = Elapsed time spent in this place.
 B = Non-inter-level travel time spent in this place.
 C = Inter-level travel time spent in this place.
 D = Time resting spent in this place.
 E = Time spent auto-exploring this place.
 F = Levels seen in this place.
 G = Mean time per level.
                   A        B        C        D        E       F      G
               +--------+--------+--------+--------+--------+-----+--------+
         Total |  20091 |  18889 |   1202 |   1619 |   9640 |  23 |  873.5 |
       Dungeon |  11063 |  10545 |    518 |    756 |   5822 |  13 |  851.0 |
          Lair |   6963 |   6391 |    572 |    542 |   3111 |   6 | 1160.5 |
  Orcish Mines |   1863 |   1752 |    111 |    259 |    703 |   2 |  931.5 |
   Elven Halls |      2 |      2 |      0 |      0 |      0 |   1 |    2.0 |
        Bailey |    199 |    199 |      0 |     62 |      4 |   1 |  199.0 |
               +--------+--------+--------+--------+--------+-----+--------+

Top non-repeatable levels by time:
  Lair:2: 1384 daAuts
     D:3: 1332 daAuts
  Lair:1: 1331 daAuts
  Lair:6: 1262 daAuts
     D:8: 1261 daAuts
   Orc:2: 1230 daAuts
  Lair:5: 1175 daAuts
     D:9: 1099 daAuts
  Lair:3: 1054 daAuts
     D:5: 1031 daAuts
     D:1: 1001 daAuts
     D:4: 843 daAuts
    D:11: 814 daAuts
  Lair:4: 755 daAuts
     D:2: 729 daAuts
